 Dungeon Crawl Stone Soup version 0.27.0-1-g7a089689b8 (webtiles) character file.

Game seed: 3095325821445140340

33066 Snarg the Nimble (level 14, -9/103 HPs)
             Began as a Djinni Wanderer on Aug 4, 2021.
             Was an Elder of Wu Jian.
             Mangled by a boulder beetle (58 damage)
             ... on level 4 of the Lair of Beasts on Aug 7, 2021.
             The game lasted 02:03:41 (28673 turns).

Snarg the Nimble (Djinni Wanderer)                 Turns: 28673, Time: 02:03:43

Health: -9/103     AC:  9    Str: 14    XL:     14   Next: 6%
Gold:   1389       EV: 21    Int: 20    God:    Wu Jian [****..] SH:  9 Dex: 15

rFire    + + .     SeeInvis .   a - +1 dagger (elec)
rCold    x . .     Faith    .   P - +3 buckler
rNeg     . . .     Spirit   .   A - +0 acid dragon scales
rPois    ∞         Reflect  .   (no helmet)
rElec    .         Harm     .   B - +0 cloak
rCorr    +         Rampage  .   K - +0 pair of gloves
Will     +....                  (boots unavailable)
Stlth    ++........             T - amulet of the acrobat
HPRegen  0.27/turn              r - +6 ring of intelligence
MPRegen  0.00/turn              n - +4 ring of evasion

@: forested, flying, studying Unarmed Combat
A: sickness immunity, fire resistance 2, cold vulnerability 1, float, innate
caster, hp casting, extra vitality 1
a: Renounce Religion, Wall Jump, Serpent's Lash


You were on level 4 of the Lair of Beasts.
You worshipped Wu Jian.
Wu Jian was greatly pleased with you.
You visited 3 branches of the dungeon, and saw 19 of its levels.

You collected 1389 gold pieces.

Inventory:

Hand Weapons
 a - a +1 dagger of electrocution (weapon)
 b - a +1 short sword of speed
 i - a +1 morningstar of freezing
 q - the +9 hunting sling of the Endless Runes {freeze, Fragile Will++ Int+5}
   (You took it off an orc on level 8 of the Dungeon)

   Any ammunition fired from it freezes those it strikes, dealing additional
   cold damage.
   It can also slow down cold-blooded creatures.
   Int:       It affects your intelligence (+5).
   Fragile:   It will be destroyed if unequipped.
   Will:      It greatly increases your willpower.
 s - a +2 vorpal falchion
Missiles
 e - 378 stones (quivered)
 t - 40 poisoned darts
 C - 7 javelins
 F - 2 throwing nets
 M - a curare-tipped dart
Armour
 A - +0 acid dragon scales (worn)
 B - a +0 cloak (worn)
 K - a +0 pair of gloves (worn)
 P - a +3 buckler (worn)
Jewellery
 d - a ring of fire
 l - a ring of see invisible
 n - a +4 ring of evasion (right hand)
 r - a +6 ring of intelligence (left hand)
 x - a ring of wizardry
 T - an amulet of the acrobat (around neck)
 U - the ring "Ceathroc" {rElec rPois rF- Will+}
   (You found it on level 12 of the Dungeon)

   [ring of poison resistance]

   rF:        It makes you vulnerable to fire.
   rElec:     It insulates you from electricity.
   rPois:     It protects you from poison.
   Will:      It increases your willpower.
Wands
 g - a wand of digging (17)
 p - a wand of flame (75)
 w - a wand of iceblast (15)
 I - a wand of acid (10)
 L - a wand of mindburst (11)
Scrolls
 c - a scroll of blinking
 j - a scroll of enchant weapon
 o - a scroll of immolation
 u - a scroll of acquirement
 v - 4 scrolls of teleportation
 y - 4 scrolls of magic mapping
 D - 2 scrolls of identify
 E - a scroll of fog
Potions
 f - 3 potions of heal wounds
 h - 4 potions of curing
 k - a potion of invisibility
 m - 2 potions of lignification
 z - a potion of resistance
 G - a potion of attraction
 H - a potion of might
 J - 2 potions of brilliance
 N - a potion of berserk rage {unknown}
 V - 2 potions of haste
Miscellaneous
 S - a phial of floods


   Skills:
 - Level 10.0 Fighting
 * Level 5.6 Short Blades
 - Level 5.0 Maces & Flails
 - Level 1.0 Throwing
 - Level 5.0 Armour
 - Level 12.0 Dodging
 + Level 2.7 Stealth
 + Level 6.9 Shields
 - Level 10.0 Spellcasting
 + Level 3.4 Evocations


You had 14 spell levels left.
You knew the following spells:

 Your Spells              Type           Power      Damage    Failure   Level
a - Corona                Hex            55%        N/A       1%          1
b - Searing Ray           Conj           100%       3d7       1%          2
c - Lesser Beckoning      Tloc           25%        N/A       1%          3
d - Tukima's Dance        Hex            50%        N/A       1%          3
e - Metabolic Englaciati  Hex/Ice        25%        N/A       4%          5
f - Summon Forest         Summ/Tloc      25%        N/A       4%          5
Your spell library was empty.

Dungeon Overview and Level Annotations

Branches:
Dungeon (13/15)            Temple (1/1) D:7            Lair (5/6) D:9
 Shoals (0/4) Lair:2        Snake (0/4) Lair:3          Orc (0/2) D:12
  Slime: Lair:5-6    Vaults: D:13-14

Altars:
Ashenzari
Cheibriados
Dithmenos
Elyvilon
Fedhas
Gozag
Hepliaklqana
Kikubaaqudgha
Makhleb
Nemelex Xobeh
Okawaru
Qazlal
Ru
Sif Muna
Trog
Uskayaw
Vehumet
Wu Jian
Xom
Yredelemnul
Zin
The Shining One
Beogh

Annotations:
D:1 clr
D:2 clr
D:3 clr
D:4 clt
D:5 clr
D:6 clr
D:7 lr
D:8 clrclr
D:9 clr
D:10 clr
D:12 clr
Lair:1 clr
Lair:3 clr
Lair:4 1 runed translucent door, Laummuim's ghost, journeyman FeFi


Innate Abilities, Weirdness & Mutations

You are immune to sickness and miasma.
You are immune to poison.
Your flesh is very heat resistant. (rF++)
You are vulnerable to cold. (rC-)
You float through the air rather than walking.
You learn spells naturally, not from books.
Your magical power is your life essence.
You have superior vitality. (+4 HP)


Message History

Your dryad hits the blink frog. You block the blink frog's attack.
You hit the blink frog but do no damage.
The blink frog is almost dead.
The blink frog stops glowing.
The blink frog misses you.
Your dryad misses the blink frog. You hit the blink frog.
You kill the blink frog!
The Council accepts your kill.
Training target 5.0 for Armour reached!
Your Armour skill increases to level 5!
No target in view!
You see here a blink frog corpse.
You reach down and open the door.
Space becomes stable.
Your dryad disappears in a puff of smoke!
A boulder beetle comes into view.
The boulder beetle curls into a ball and begins rolling!
Casting: Corona (safe; 1% risk of failure)
Confirm with . or Enter, or press ? or * to list all spells.
You need more open space to fit a forest.
The blink frog blinks!
The boulder beetle hits you!!!
The boulder beetle stops rolling and uncurls.
There is an open door here.
The blink frog blinks!
The boulder beetle curls into a ball and begins rolling!
Casting: Summon Forest (dangerous; 4% risk of failure)
Confirm with . or Enter, or press ? or * to list all spells.
A forested plane collides here with a resounding crunch!
Your dryad calls out to the forest.
The forest starts to sway and rumble!
Unknown command.
You spin and attack the boulder beetle.
You hit the boulder beetle but do no damage.
Lightning courses through the boulder beetle!
The boulder beetle is moderately wounded.
A root smacks the boulder beetle from below!
The boulder beetle hits you!!!
Ouch! That really hurt!
You die...

'.#....#W.P.P♣...P#
###
.###..⌠#♣.♣..♣#..♣#
[.....#♣♣... #..##
#.#P..♣ih ♣♣ ♣#+†.♣##
##...#♣♣♣♣♣♣♣#......##
........##.#♣.....†..♣
...!...)......♣..R..♣#
......>[..#.#.......#
.......#####.♣..@...#
.....).# ##♣..>B..#
.#P.#..# #.#♣°..#
####..## ###..#.# #...
#P.♣### #.....# ##..#
..#...# #.FP# ..##.
#♣..# ..... .....


You could see a boulder beetle (rolling, ally target) and a friendly dryad
(summoned).

Vanquished Creatures
  3 hydras
  A boulder beetle (D:11)
  An ogre mage (D:11)
  A skeletal warrior (D:13)
  A deep elf pyromancer (D:13)
  2 elephants
  2 manticores (D:11)
  A black mamba (Lair:4)
  2 unseen horrors
  9 cane toads
  5 komodo dragons
  2 trolls (D:12)
  9 blink frogs
  A snapping turtle (Lair:2)
  A slime creature (D:13)
  A shadow (D:11)
  2 wraiths
  2 wyverns
  3 vampires
  3 steam dragons
  A basilisk (Lair:2)
  24 yaks
  8 vampire mosquitoes
  3 nagas (Lair:3)
  3 acid dragons
  5 water moccasins
  An ice beast (D:8)
  3 orc warriors
  6 black bears
  2 ogres (D:6)
  4 wolves (Lair:2)
  2 centaurs (D:8)
  3 kobold brigands
  Blork the orc (D:6)
  12 bullfrogs
  2 water moccasin skeletons
  A wyvern skeleton (D:6)
  5 killer bees
  4 wights (D:8)
  5 howler monkeys
  3 electric eels (D:11)
  4 centaur zombies
  A centaur skeleton (D:7)
  3 orc priests
  3 hounds
  3 jellies
  3 bullfrog skeletons
  3 iguanas
  7 orc wizards
  A hound skeleton (D:4)
  26 gnolls
  4 adders
  2 white imps
  An ufetubus (D:5)
  3 worms
  3 dart slugs (D:1)
  46 orcs
  6 endoplasms
  4 giant cockroaches
  3 goblins
  13 jackals
  16 kobolds
  6 quokkas
  7 ball pythons
  6 bats
  2 frilled lizards (D:1)
  9 rats
335 creatures vanquished.

Vanquished Creatures (collateral kills)
  3 hydras
  A centaur warrior (D:13)
  The ghost of Sammaje the Cleaver, a novice MiBe of Trog (Lair:1)
  3 two-headed ogres
  4 skeletal warriors (D:13)
  A deep elf pyromancer (D:12)
  A black mamba (Lair:4)
  A rime drake (Lair:3)
  A komodo dragon (Lair:3)
  A kobold demonologist (D:11)
  A polar bear (Lair:3)
  2 slime creatures (D:13)
  A blink frog (Lair:4)
  14 yaks
  A basilisk (Lair:4)
  5 nagas (Lair:3)
  3 water moccasins
  An orc warrior (D:9)
  8 wolves
  4 centaurs (D:13)
  2 bullfrogs (Lair:3)
  A gnoll sergeant (D:6)
  2 vampire bats (Lair:4)
  3 orc wizards
  7 orcs
  5 bats (Lair:4)
77 creatures vanquished.

Vanquished Creatures (others)
  4 dancing weapons
  An orc (D:11)
  28 fungi
  53 plants
  6 snaplasher vines
92 creatures vanquished.

Grand Total: 504 creatures vanquished

Notes
Turn   | Place    | Note
-------+----------+-------------------------------------------
     0 | D:1      | Snarg the Djinni Wanderer began the quest for the Orb.
     0 | D:1      | Reached XP level 1. HP: 20/20 MP: 0/0
   227 | D:1      | Reached XP level 2. HP: 25/25 MP: 0/0
   429 | D:1      | Reached XP level 3. HP: 28/30 MP: 0/0
   429 | D:1      | Learned a level 1 spell: Corona
  1239 | D:2      | Reached skill level 1 in Spellcasting
  1277 | D:2      | Reached skill level 1 in Stealth
  1317 | D:2      | Reached XP level 4. HP: 31/35 MP: 0/0
  1370 | D:2      | Found a white marble altar of Elyvilon.
  1995 | D:3      | Reached skill level 1 in Dodging
  2219 | D:3      | Found a shimmering altar of Xom.
  2234 | D:3      | Noticed an angel
  2530 | D:3      | Reached XP level 5. HP: 30/40 MP: 0/0
  2530 | D:3      | Learned a level 2 spell: Searing Ray
  2798 | D:3      | Found a burning altar of Makhleb.
  3027 | D:3      | Found a glowing silver altar of Zin.
  3388 | D:4      | Reached skill level 1 in Throwing
  3783 | D:4      | Reached XP level 6. HP: 44/47 MP: 0/0
  4247 | D:4      | Reached skill level 2 in Dodging
  4491 | D:4      | Reached XP level 7. HP: 38/51 MP: 0/0
  4491 | D:4      | Learned a level 3 spell: Lesser Beckoning
  4623 | D:4      | Reached skill level 3 in Dodging
  4736 | D:5      | Entered Level 5 of the Dungeon
  6392 | D:4      | Reached XP level 8. HP: 55/58 MP: 0/0
  7020 | D:6      | Noticed Blork the orc
  7025 | D:6      | Killed Blork the orc
  7026 | D:6      | Reached skill level 4 in Dodging
  7203 | D:6      | Found a stormy altar of Qazlal.
  7318 | D:6      | Found an opulent altar of Gozag.
  7443 | D:6      | Reached skill level 5 in Spellcasting
  8025 | D:6      | Reached XP level 9. HP: 61/63 MP: 0/0
  8025 | D:6      | Learned a level 3 spell: Tukima's Dance
  8071 | D:6      | Reached skill level 5 in Dodging
  8595 | D:6      | Reached skill level 5 in Fighting
  8648 | D:6      | Reached skill level 1 in Shields
  9487 | D:7      | Found a staircase to the Ecumenical Temple.
  9508 | Temple   | Entered the Ecumenical Temple
  9732 | Temple   | Became a worshipper of the Wu Jian Council
  9817 | D:7      | Noticed a komodo dragon
 10410 | D:8      | Identified the +9 hunting sling of the Endless Runes
                  | {freeze, Fragile Will++ Int+5}
 10581 | D:8      | Reached XP level 10. HP: 70/70 MP: 0/0
 10614 | D:8      | Reached skill level 6 in Dodging
 11594 | D:9      | Found a staircase to the Lair.
 11594 | D:9      | Noticed an elephant
 11654 | D:8      | Killed an elephant
 11798 | D:7      | Killed a komodo dragon
 11799 | D:7      | Reached skill level 7 in Dodging
 12354 | D:9      | Reached skill level 5 in Shields
 12647 | D:9      | Reached * piety under Wu Jian
 12728 | D:9      | Found a basalt altar of Yredelemnul.
 12736 | D:9      | Found an iron altar of Okawaru.
 13425 | Lair:1   | Entered Level 1 of the Lair of Beasts
 13496 | Lair:1   | Noticed a komodo dragon
 13513 | Lair:1   | Killed a komodo dragon
 13812 | D:9      | Reached XP level 11. HP: 59/78 MP: 0/0
 13812 | D:9      | Learned a level 5 spell: Metabolic Englaciation
 13923 | Lair:1   | Reached skill level 5 in Maces & Flails
 14041 | D:9      | Reached skill level 8 in Dodging
 14750 | Lair:1   | Found a runed translucent door.
 14787 | Lair:1   | Reached skill level 9 in Dodging
 15011 | D:10     | Entered Level 10 of the Dungeon
 15467 | Lair:1   | Noticed Sammaje's ghost (novice MiBe)
 15791 | Lair:2   | Noticed a four-headed hydra
 15810 | Lair:2   | Killed a four-headed hydra
 16302 | Lair:2   | Noticed an eight-headed hydra
 16401 | D:10     | Reached skill level 10 in Dodging
 17950 | D:11     | Reached XP level 12. HP: 82/87 MP: 0/0
 18369 | D:11     | Noticed a two-headed ogre
 18418 | D:10     | Killed a two-headed ogre
 18958 | D:11     | Noticed an ogre mage
 19747 | D:11     | Reached skill level 11 in Dodging
 19778 | D:11     | Killed an ogre mage
 20444 | D:11     | Noticed a boulder beetle
 20466 | D:11     | Killed a boulder beetle
 20790 | D:11     | Reached ** piety under Wu Jian
 20949 | D:12     | Noticed a five-headed hydra
 21273 | D:12     | Noticed a two-headed ogre
 21284 | D:12     | Killed a two-headed ogre
 21563 | D:12     | Identified the ring "Ceathroc" {rElec rPois rF- Will+}
 21796 | D:12     | Found a staircase to the Orcish Mines.
 22173 | D:12     | Noticed a two-headed ogre
 22181 | D:12     | Killed a two-headed ogre
 22657 | D:12     | Noticed an eight-headed hydra
 22673 | D:12     | Killed an eight-headed hydra
 22674 | D:12     | Reached XP level 13. HP: 37/94 MP: 0/0
 22674 | D:12     | Learned a level 5 spell: Summon Forest
 23765 | D:13     | Identified a scroll of acquirement
 23814 | D:13     | Noticed a centaur warrior
 23825 | D:13     | Killed a centaur warrior
 23935 | D:13     | Reached skill level 10 in Fighting
 23935 | D:13     | Reached skill level 12 in Dodging
 24234 | Lair:1   | Killed Sammaje's ghost
 24235 | Lair:1   | Reached skill level 1 in Short Blades
 24235 | Lair:1   | Reached skill level 10 in Spellcasting
 24581 | Lair:2   | Killed an eight-headed hydra
 25395 | Lair:2   | Reached *** piety under Wu Jian
 26001 | Lair:2   | Found a staircase to the Shoals.
 26169 | Lair:3   | Noticed a four-headed hydra
 26174 | Lair:3   | Killed a four-headed hydra
 26497 | Lair:3   | Noticed an eight-headed hydra
 26516 | Lair:3   | Killed an eight-headed hydra
 26581 | Lair:3   | Noticed a four-headed hydra
 26589 | Lair:3   | Killed a four-headed hydra
 27014 | Lair:3   | Reached skill level 5 in Short Blades
 27212 | Lair:3   | Found a staircase to the Snake Pit.
 27945 | Lair:4   | Reached **** piety under Wu Jian
 28139 | Lair:4   | Reached XP level 14. HP: 100/103 MP: 0/0
 28158 | Lair:4   | You are sucked into a shaft and drop 1 floor!
 28516 | Lair:4   | Found a runed translucent door.
 28540 | Lair:4   | Noticed Laummuim's ghost (journeyman FeFi)
 28541 | Lair:4   | Identified the +2 trident of Cullocafen {spect, rElec rC+
                  | Str+4}
 28655 | Lair:4   | Reached skill level 5 in Armour
 28673 | Lair:4   | Mangled by a boulder beetle

Illustrated notes

Levels and vault maps discovered:
D:1:      dpeg_arrival_ratfight, layout_loops_ring
D:2:      layout_basic, basic_altar
D:3:      layout_rooms, grunt_temple_overflow_order_and_chaos_1,
          lemuel_crystal_altar, serial_forest, infiniplex_forest_clump_C,
          infiniplex_forest_straight_5, infiniplex_forest_lined_4_way,
          infiniplex_forest_straight_3, infiniplex_forest_clump_medium,
          infiniplex_forest_corner_2, infiniplex_forest_clump_long,
          infiniplex_forest_lined_4_way, infiniplex_forest_lined_room_2,
          infiniplex_forest_clump_tiny, minmay_cupped
D:4:      lemuel_castle_with_subvaults [lemuel_castle_interior_original],
          layout_cave_pools, serial_glass, glass_columns_b, glass_columns_a
D:5:      layout_cave_pods
D:6:      layout_layer_cave, nicolae_qazlal_general_emergency,
          grunt_gozag_breadcrumbs, lemuel_round_altar, minmay_manual_mullet,
          uniq_blork_the_orc
D:7:      layout_basic, minmay_temple_entry_purple_smoke, minmay_microvault
D:8:      layout_loops_ring, nzn_life_drinkers
D:9:      layout_loops_corners, mainiacjoe_overflow_catwalk_spiral,
          david_lair_generic
D:10:     layout_roguey, mainiacjoe_overflow_alcove_4, minmay_tree_intersection
D:11:     kennysheep_ambush_hall, layout_irregular_city, chequers_big_river,
          st_stairs_10, chequers_serial_rivers_micro_a, minivault_26
D:12:     layout_layer_cave, minmay_orc_entry_temple_small
D:13:     layout_roguey, david_vaults_2, serial_curves, eino_curves_03,
          eino_curves_04, eino_curves_03, eino_curves_04
Temple:   oiseaux_autumnal_temple
Lair:1:   layout_hall_layers, ebering_ghost_reflecting_pool, lemuel_fruit_tree
Lair:2:   layout_small_grid, minmay_shoals_entry_hut,
          infiniplex_staircase_pool_2, serial_bayou_shore_b
Lair:3:   layout_regular_city, minmay_snake_entry_guardpost_medium, minivault_11
Lair:4:   layout_roguey, ebering_ghost_funeral_grove, roderic_batcave
Lair:5:   layout_hall_layers, gammafunk_ghost_ooze

Skill      XL: |  1  2  3  4  5  6  7  8  9 10 11 12 13 14 |
---------------+-------------------------------------------+-----
Spellcasting   | 1 2 3 5 6 7 9 10 | 10.0
Stealth        | 1 2 |  2.7
Dodging        | 1 2 3 4 5 7 10 11 12 | 12.0
Throwing       | 1 |  1.0
Armour         | 3 4 5 |  5.0
Fighting       | 4 5 6 8 9 10 | 10.0
Shields        | 2 5 6 |  6.9
Maces & Flails | 4 5 |  5.0
Evocations     | 3 |  3.4
Short Blades   | 5 |  5.6

Action                   |  1- 3 |  4- 6 |  7- 9 | 10-12 | 13-15 || total
-------------------------+-------+-------+-------+-------+-------++-------
Melee: Mace              |    34 |       |    29 |       |       ||    63
       Whip              |    53 |   233 |   302 |   517 |    46 ||  1151
       Morningstar       |       |       |     8 |   171 |    29 ||   208
       Short sword       |       |       |       |       |   114 ||   114
       Dagger            |       |       |       |       |   138 ||   138
Throw: Stone             |    28 |   107 |   112 |    19 |     6 ||   272
       Javelin           |       |       |     2 |     3 |       ||     5
       Dart              |       |       |     1 |    27 |       ||    28
       Throwing net      |       |       |     1 |     1 |       ||     2
 Cast: Corona            |     3 |     8 |    64 |    64 |    24 ||   163
       Searing Ray       |       |       |    23 |    46 |    20 ||    89
       Tukima's Dance    |       |       |     1 |    40 |    11 ||    52
       Metabolic Englaci |       |       |       |    22 |     6 ||    28
       Lesser Beckoning  |       |       |       |     2 |       ||     2
       Summon Forest     |       |       |       |       |    28 ||    28
Invok: Lunge             |       |       |     4 |    23 |    23 ||    50
       Whirlwind         |       |       |       |    59 |    44 ||   103
 Abil: Wall Jump         |       |       |       |     1 |       ||     1
Evoke: Wand              |       |     2 |     4 |     6 |     4 ||    16
  Use: Scroll            |       |       |    14 |    12 |     3 ||    29
       Potion            |       |       |     1 |     4 |       ||     5
 Stab: Sleeping          |       |       |     1 |     2 |     3 ||     6
       Distracted        |       |       |       |       |     4 ||     4
Armor: Ring mail         |    32 |   123 |   158 |    53 |       ||   366
       Acid dragon scale |       |       |       |   173 |    41 ||   214
       Skin              |       |       |       |    10 |       ||    10
Dodge: Dodged            |    54 |   131 |   225 |   595 |   247 ||  1252
Block: Buckler           |       |       |    35 |   303 |   128 ||   466
